Map: Thunderbird LE

Players

Lambo

  • Race: Zerg Zerg
  • League: Master
  • Spawn Location: 5:00

Harstem - Winner!

  • Race: Protoss Protoss
  • League: Grandmaster
  • Spawn Location: 11:00

Event: NationWars 2019

VOD

Have the link to the VOD?

Description

Time

  • Played on: Oct. 11, 2019, 4:17 p.m.
  • Length: 11:09

All games in this series

Show
View Real Time Build Order
Export as new Build Order

Lambo Zerg 

Build Orders: Hatch First 

Get SALT Encoding   

  12  0:00  Drone  
  13  0:12  Overlord  
  13  0:16  Drone  
  14  0:30  Drone x2  
  16  0:47  Hatchery  
  15  0:50  Drone  
  15  0:53  Drone  
  17  0:57  Drone  
  18  1:07  Extractor  
  17  1:12  Spawning Pool  
  17  1:15  Drone  
  17  1:18  Drone  
  18  1:27  Drone  
  19  1:39  Drone  
  20  1:50  Overlord  
  20  1:59  Queen x2  
  20  2:00  Zergling x4  
  26  2:10  Drone x2  
  28  2:20  Drone  
  29  2:23  Drone  
  30  2:31  Hatchery  
  30  2:33  Drone x2  
  31  2:39  Pneumatized Carapace  
  31  2:42  Drone  
  32  2:47  Overlord  
  32  2:49  Queen  
  34  2:53  Drone  
  34  2:57  Drone  
  36  3:10  Drone x5  
  41  3:15  Metabolic Boost  
  41  3:16  Overlord  
  41  3:21  Drone  
  41  3:25  Queen  
  44  3:35  Spore Crawler  
  44  3:36  Drone x3  
  44  3:41  Drone  
  47  3:42  Drone x2  
  47  3:43  Drone  
  47  3:45  Spore Crawler  
  47  3:46  Drone  
  47  3:47  Overlord  
  50  3:51  Queen  
  50  3:55  Overlord  
  52  3:57  Drone  
  52  4:01  Drone  
  52  4:02  Drone x2  
  56  4:04  Overlord  
  56  4:09  Overlord  
  56  4:12  Spore Crawler  
  56  4:13  Evolution Chamber  
  56  4:16  Drone x2  
  56  4:18  Drone  
  56  4:19  Drone  
  56  4:21  Drone x2  
  56  4:23  Drone  
  61  4:25  Drone  
  61  4:27  Drone  
  63  4:32  Drone  
  63  4:36  Drone x3  
  64  4:39  Drone  
  64  4:41  Drone x2  
  64  4:42  Drone x3  
  64  4:43  Zerg Melee Weapons Level 1  
  70  4:47  Extractor  
  70  4:48  Extractor, Overlord  
  70  4:52  Drone x2  
  70  4:53  Lair  
  70  4:58  Roach Warren  
  69  5:00  Drone x4  
  69  5:02  Extractor  
  69  5:04  Extractor  
  69  5:05  Drone x3, Extractor  
  69  5:06  Drone  
  74  5:08  Zergling x2  
  75  5:14  Hatchery  
  75  5:15  Drone  
  75  5:21  Drone x4  
  78  5:22  Drone  
  78  5:24  Drone x2  
  81  5:32  Drone x3  
  81  5:34  Baneling Nest  
  83  5:42  Drone x2  
  85  5:50  Drone x2  
  85  5:53  Overseer  
  85  5:54  Overseer  
  85  5:55  Roach x5  
  85  5:56  Spore Crawler  
  93  6:08  Drone x8  
  98  6:22  Infestation Pit  
  98  6:23  Overlord  
  98  6:24  Hydralisk Den  
  98  6:25  Overlord  
  96  6:26  Overlord  
  96  6:27  Evolution Chamber  
  96  6:28  Drone x2  
  96  6:29  Overlord  
  96  6:31  Drone x7  
  104  6:39  Overlord  
  104  6:40  Extractor, Overlord  
  104  6:42  Overlord  
  104  6:45  Zerg Melee Weapons Level 2, Drone x2, Extractor  
  104  6:46  Drone  
  105  6:53  Drone x3  
  105  6:54  Drone  
  109  6:56  Drone x2  
  109  6:58  Hydralisk x5  
  109  7:01  Muscular Augments  
  121  7:03  Hive, Hatchery  
  121  7:07  Spire  
  118  7:08  Zerg Missile Weapons Level 1  
  118  7:10  Hydralisk  
  118  7:12  Zergling x6  
  123  7:18  Drone x2  
  125  7:23  Hydralisk x4  
  125  7:25  Overlord  
  125  7:29  Zergling x2  
  134  7:37  Hydralisk x8  
  134  7:42  Queen  
  134  7:43  Zergling x8  
  156  7:47  Hydralisk x2  
  160  7:59  Zergling x14  
  160  8:03  Overlord x2  
  166  8:09  Baneling x14  
  166  8:11  Centrifical Hooks  
  166  8:12  Grooved Spines  
  165  8:15  Hydralisk x4  
  173  8:22  Hydralisk x5  
  183  8:28  Hydralisk x2  
  187  8:34  Queen  
  187  8:40  Adrenal Glands  
  189  8:49  Overlord  
  189  8:50  Overseer  
  189  8:51  Overlord  
  187  8:57  Overlord  
  175  9:06  Overlord x2  
  175  9:09  Extractor  
  174  9:11  Extractor  
  171  9:20  Queen  
  180  9:28  Zergling x46  
  188  9:37  Zergling x2, Greater Spire  
  188  9:38  Zergling x12  
  193  9:47  Extractor  
  193  9:48  Zergling x16  
  193  9:49  Baneling x20  
  196  9:57  Baneling x11  
  196  9:59  Overlord  
  193  10:01  Zergling x14  
  193  10:02  Baneling x8  
  178  10:15  Zergling x8  
  178  10:16  Zergling x6  
  178  10:18  Hydralisk  
  144  10:22  Hydralisk x3  
  144  10:26  Hydralisk  
  144  10:28  Hydralisk  
  122  10:30  Hydralisk, Queen  
  122  10:34  Hydralisk x2  
  127  10:37  Hydralisk x4  
  127  10:39  Hydralisk x5  
  127  10:41  Hydralisk  
  138  10:43  Hydralisk  
Show
View Real Time Build Order
Export as new Build Order

Harstem Protoss - Winner!

Build Orders: 1 Gate Expand, Oracle Opening, Zealot Archon 

Get SALT Encoding   

  12  0:01  Probe  
  13  0:13  Probe  
  14  0:19  Pylon  
  14  0:25  Probe  
  14  0:28  Assimilator  
  15  0:37  Probe (Chrono Boost)  
  16  0:47  Probe (Chrono Boost), Gateway  
  17  0:52  Probe (Chrono Boost)  
  18  1:04  Probe  
  19  1:16  Probe  
  20  1:24  Nexus  
  20  1:33  Cybernetics Core  
  20  1:37  Probe  
  21  1:41  Assimilator  
  21  1:49  Probe  
  21  1:51  Pylon  
  22  2:01  Probe  
  23  2:10  Adept (Chrono Boost), Stargate  
  23  2:13  Probe  
  26  2:23  Warp Gate  
  26  2:25  Probe (Chrono Boost)  
  27  2:33  Stalker  
  31  2:37  Probe (Chrono Boost)  
  31  2:39  Probe (Chrono Boost)  
  32  2:45  Probe (Chrono Boost)  
  32  2:46  Probe (Chrono Boost)  
  33  2:51  Probe (Chrono Boost)  
  33  2:52  Probe (Chrono Boost)  
  33  2:58  Oracle (Chrono Boost)  
  35  3:03  Probe  
  35  3:04  Pylon, Probe  
  40  3:15  Probe  
  40  3:16  Probe  
  42  3:21  Gateway  
  42  3:26  Oracle (Chrono Boost)  
  42  3:28  Probe  
  42  3:31  Probe  
  47  3:40  Probe  
  48  3:44  Nexus  
  48  3:49  Pylon  
  48  3:51  Probe  
  48  3:55  Assimilator  
  49  3:57  Probe, Assimilator  
  49  4:02  Robotics Facility  
  50  4:05  Probe  
  52  4:11  Probe (Chrono Boost)  
  52  4:17  Probe (Chrono Boost)  
  52  4:22  Pylon  
  52  4:23  Sentry x2  
  58  4:26  Pylon, Probe (Chrono Boost)  
  58  4:27  Probe (Chrono Boost)  
  59  4:34  Probe x2 (Chrono Boost)  
  61  4:44  Forge  
  61  4:45  Twilight Council  
  61  4:46  Probe (Chrono Boost)  
  61  4:51  Zealot  
  61  4:52  Probe (Chrono Boost)  
  65  4:54  Observer  
  65  4:56  Probe (Chrono Boost)  
  65  4:57  Gateway  
  65  4:58  Gateway  
  69  5:01  Probe (Chrono Boost)  
  69  5:04  Probe (Chrono Boost)  
  69  5:07  Probe (Chrono Boost)  
  71  5:08  Probe (Chrono Boost)  
  71  5:12  Pylon, Probe (Chrono Boost), Immortal (Chrono Boost)  
  71  5:13  Probe x2 (Chrono Boost)  
  78  5:22  Probe  
  78  5:25  Probe  
  78  5:26  Protoss Ground Weapons Level 1 (Chrono Boost), Assimilator  
  78  5:27  Charge  
  80  5:29  Templar Archives, Probe  
  80  5:30  Assimilator  
  80  5:34  Probe  
  82  5:37  Probe  
  82  5:41  Probe  
  84  5:43  Gateway  
  84  5:45  Gateway  
  84  5:46  Probe  
  84  5:49  Probe  
  86  5:52  Gateway  
  86  5:53  Probe  
  86  5:55  Gateway  
  86  5:56  Warp Prism (Chrono Boost)  
  89  5:58  Psionic Storm  
  89  6:09  Probe  
  87  6:11  Probe  
  87  6:17  High Templar  
  87  6:18  High Templar x2  
  94  6:24  Pylon, Gateway  
  94  6:26  Gateway  
  94  6:27  Pylon  
  94  6:28  High Templar  
  95  6:33  Pylon  
  95  6:36  Phoenix  
  97  6:41  Probe  
  97  6:42  Photon Cannon  
  97  6:43  Probe  
  99  6:47  Nexus  
  99  6:48  Pylon, Probe, High Templar  
  99  6:51  Pylon  
  99  6:53  Probe  
  103  6:55  Probe  
  103  6:58  Zealot x4  
  112  7:01  Pylon  
  112  7:03  Pylon  
  112  7:04  Immortal (Chrono Boost)  
  116  7:12  High Templar x2, Assimilator  
  121  7:15  Probe  
  121  7:16  Assimilator  
  121  7:20  Probe x2  
  121  7:22  Archon  
  123  7:28  High Templar x2  
  123  7:29  Zealot x4  
  135  7:32  Pylon  
  135  7:36  Archon  
  135  7:37  Probe  
  135  7:42  Photon Cannon  
  135  7:43  Observer  
  137  7:45  Photon Cannon  
  137  7:46  Protoss Ground Weapons Level 2 (Chrono Boost)  
  137  7:47  Pylon  
  137  7:52  Gateway  
  137  7:53  Pylon  
  137  7:54  Pylon  
  137  7:56  Probe  
  138  8:00  Photon Cannon  
  138  8:03  High Templar x2, Warp Prism (Chrono Boost)  
  138  8:04  Photon Cannon  
  144  8:07  Archon  
  144  8:09  Probe  
  145  8:25  High Templar  
  145  8:26  Probe  
  146  8:27  Oracle (Chrono Boost), Probe  
  146  8:29  Immortal (Chrono Boost)  
  146  8:33  High Templar x2  
  157  8:34  Zealot x4  
  157  8:37  Pylon  
  157  8:39  Archon  
  165  8:48  Nexus  
  163  9:01  Fleet Beacon  
  161  9:04  Stargate  
  161  9:11  Zealot x3  
  161  9:12  Zealot x4  
  161  9:16  Pylon  
  175  9:20  Assimilator  
  175  9:22  Assimilator  
  171  9:28  Stargate  
  161  9:31  High Templar x4  
  161  9:32  Zealot x2  
  161  9:33  Zealot  
  161  9:37  Zealot x4  
  183  9:38  Archon x2  
  183  9:41  Warp Prism (Chrono Boost)  
  173  9:55  Probe  
  173  9:56  Probe  
  173  9:58  High Templar x2  
  173  9:59  High Templar x2, Photon Cannon  
  175  10:00  Zealot x3  
  175  10:01  Photon Cannon  
  175  10:02  Archon  
  175  10:03  Archon  
  179  10:09  Zealot x4  
  173  10:20  Zealot x3  
  137  10:30  Zealot x4  
  137  10:35  Zealot x4  
  136  10:43  Zealot x3  
  152  10:53  Zealot x4  
  152  10:57  Zealot x4  
Tags
 
Add a new tag
Caveats
  • Supply blocks, unpowered buildings, or Contaminate may cause inaccurate times.
  • Supply counts are checked every 10 seconds.